 Dungeon Crawl Stone Soup version 0.31-a0-833-gc15d34cb79 (webtiles) character file.

Game seed: 9916559468906757788

12 DApurpleWHUMPUS the Firebug (level 2, -2/2 HPs)
             Began as a Hill Orc Fire Elementalist on Sept 25, 2023.
             Slain by a jackal (3 damage)
             ... on level 1 of the Dungeon.
             The game lasted 00:02:09 (450 turns).

DApurpleWHUMPUS the Firebug (HOFE)                   Turns: 450, Time: 00:02:10

Health: -2/2       AC:  2    Str: 15    XL:     2   Next: 33%
Magic:  4/4        EV:  9    Int: 15    God:
Gold:   15         SH:  0    Dex: 11    Spells: 3/4 levels left

rFire   . . .        f - melded +0 short sword
rCold   . . .        (shield currently unavailable)
rNeg    . . .        e - melded +0 leather armour
rPois   .            (helmet currently unavailable)
rElec   .            (cloak currently unavailable)
rCorr   .            (gloves currently unavailable)
SInv    .            c - melded +0 pair of boots
Will    .....        (no amulet)
Stlth   ++           (no ring)
HPRegen 0.20/turn    (no ring)
MPRegen 0.09/turn

%: no passive effects
@: snake-form
A: constrict, reduced hp, large
a: Begin Untransformation


You were on level 1 of the Dungeon.
You were an enormous anaconda.
You visited 1 branch of the dungeon, and saw 1 of its levels.

You collected 15 gold pieces.

Inventory:

Hand Weapons
 f - a +0 short sword (melded)
Armour
 a - a +0 robe
 c - a +0 pair of boots (melded)
 e - a +0 leather armour (melded)
Talismans
 h - a serpent talisman (active)
Scrolls
 g - a scroll of enchant armour {unknown}
Potions
 b - a potion of magic
 d - a potion of curing {unknown}


   Skills:
 - Level 1.5 Dodging
 - Level 1.6 Stealth
 * Level 1.9 Spellcasting
 + Level 1.3 Conjurations
 + Level 3.5 Fire Magic


You had 3 spell levels left.
You knew the following spells:

 Your Spells              Type           Power      Damage    Failure   Level
a - Foxfire               Conj/Fire      32%        2x1d5     9%          1

Your spell library contained the following spells:

 Spells                   Type           Power      Damage    Failure   Level
 Scorch                   Fire           22%        2d5       9%          2
 Apportation              Tloc           2%         N/A       22%         1
 Inner Flame              Hex/Fire       6%         N/A       32%         3
 Volatile Blastmotes      Fire/Tloc      12%        2d11      32%         3
 Jinxbite                 Hex            2%         N/A       34%         2
 Flame Wave               Conj/Fire      8%         2d5       63%         4
 Alistair's Intoxication  Tmut/Pois      0%         N/A       99%         5


Dungeon Overview and Level Annotations

Branches:
Dungeon (1/15)

Altars:


Message History

Casting: Foxfire (safe; 12% risk of failure)
Confirm with . or Enter, or press ? or * to list all spells.
You conjure some foxfire!
The endoplasm hits you.
Your foxfire dissipates!
The foxfire hits the endoplasm.
You kill the endoplasm!
Casting: Foxfire (safe; 11% risk of failure)
Confirm with . or Enter, or press ? or * to list all spells.
You conjure some foxfire!
Your foxfire dissipates!
Your foxfire dissipates!
g - a scroll labelled RAL WUTHRUOMOFO A jackal comes into view.
You see here a serpent talisman.
h - a serpent talisman
Okay, then.
Okay, then.
You begin transforming.
You continue transforming. x3
You turn into an enormous anaconda.
Your +0 short sword melds into your body.
Your +0 pair of boots melds into your body.
Your +0 leather armour melds into your body.
A jackal comes into view.
The jackal barks! x2; You hear a bark!
A jackal comes into view.
The jackal closely misses you. The jackal bites you.
Ouch! That really hurt!
You barely miss the jackal. You grab the jackal.
You constrict the jackal, but do no damage.
The jackal escapes!
You closely miss the jackal. You grab the jackal.
You constrict the jackal, but do no damage.
The jackal bites you but does no damage.
The jackal bites you.
Ouch! That really hurt!
You hit the jackal.
The jackal is severely wounded.
You constrict the jackal. The jackal bites you.
Ouch! That really hurt!
You die...

#####.#.#
#.......#
#.#...###
#####.#.#####.#
#.............#
#........######
#........#
#........#
#......hS#
#..#.#.#h# #
#.##.#.#h# #.
######....#.#.#
#.##.....).###.#.#
#....#####.# .#.#
###..# .# #.# #..#
.# #.# #..# ..


You could see 3 jackals.

Vanquished Creatures
  2 endoplasms (D:1)
  2 goblins (D:1)
  2 hobgoblins (D:1)
  A kobold (D:1)
  2 bats (D:1)
  A rat (D:1)
10 creatures vanquished.

Vanquished Creatures (others)
  21 foxfires (D:1)
21 creatures vanquished.

Grand Total: 31 creatures vanquished

Notes
Turn   | Place    | Note
-------+----------+-------------------------------------------
     0 | D:1      | DApurpleWHUMPUS the Hill Orc Fire Elementalist began the
                  | quest for the Orb.
     0 | D:1      | Reached XP level 1. HP: 14/14 MP: 3/3
   225 | D:1      | Reached XP level 2. HP: 20/20 MP: 2/4
   450 | D:1      | Slain by a jackal

Illustrated notes

Levels and vault maps discovered:
D:1:      mrwooster_arrival_arrow, layout_basic

Action                     || total
---------------------------++-------
  Melee: Unarmed           ||    10
         Short sword       ||    12
         Constrict         ||     2
   Cast: Foxfire           ||    15
 Armour: Robe              ||     6
         Leather armour    ||     8
         Skin              ||     4
  Dodge: Dodged            ||    20
   Form: Anaconda          ||     1

Table legend: (Time is in decaauts)
 A = Elapsed time spent in this place.
 B = Non-inter-level travel time spent in this place.
 C = Inter-level travel time spent in this place.
 D = Time resting spent in this place.
 E = Time spent auto-exploring this place.
 F = Levels seen in this place.
 G = Mean time per level.
                   A        B        C        D        E       F      G
               +--------+--------+--------+--------+--------+-----+--------+
         Total |    449 |    449 |      0 |      0 |    288 |   1 |  449.0 |
       Dungeon |    449 |    449 |      0 |      0 |    288 |   1 |  449.0 |
               +--------+--------+--------+--------+--------+-----+--------+

Top non-repeatable levels by time:
     D:1: 449 daAuts
